AoeStats
← Chaac1706

Arabia

509391016Analyzed
1v1 RM · 7d ago on Sep 26, 2026· 30m 1s· 2 players
Game mode
Random Map
Map size
Tiny (2 player)
Population
200
Speed
Normal
Resources
Standard
Victory
Conquest
Starting age
Dark Age
Ending age
Imperial Age
RankedLock teamsTeams togetherTeam positionsShared explorationLock speedFull tech treeHidden civsTurbo modeCheats
Victory
Defeat
🇨🇴 Muisca · Colombia
1112
+17
🇭🇳 Aztecs · Honduras
1129
-17
Chaac1706
6:50 Loom
9:10 Feudal Age
9:16 Champi Runner
9:43 Double-Bit Axe
12:51 Wheelbarrow
18:41 Castle Age
16:50 Fletching
17:19 Horse Collar
17:46 Scale Mail Armor
18:08 Gold Mining
18:42 Forging
20:00 Squires
23:20 Town Watch
25:24 Chain Mail Armor
29:21 Hand Cart
eduleza17
7:41 Loom
10:04 Feudal Age
18:24 Man-at-Arms
19:03 Double-Bit Axe
26:02 Castle Age
26:18 Forging
26:11 Scale Mail Armor
27:50 Town Watch
28:57 Crossbowman
Connection lost

Rejoining the realm…

Still unreachable

The connection could not be restored.

Session expired

The server has moved on; the page needs a fresh start.